 Dungeon Crawl Stone Soup version 0.32-a0-543-gefe97123c3 (webtiles) character file.

Game seed: 1773735646676086484

7317 AzureDraco the Spear-Bearer (level 10, 0/73 HPs)
             Began as a Demonspawn Gladiator on Feb 29, 2024.
             Was a Priest of Qazlal.
             Slain by a yak (6 damage)
             ... on level 9 of the Dungeon.
             The game lasted 00:28:07 (9133 turns).

AzureDraco the Spear-Bearer (Demonspawn Gladiator)  Turns: 9133, Time: 00:28:08

Health: 0/73       AC: 13    Str: 18      XL:     10   Next: 90%
Magic:  10/10      EV: 11    Int:  8      God:    Qazlal [***...]
Gold:   556        SH: 13    Dex: 12 (14) Spells: 9/9 levels left

rFire   + + .        b - +5 spear
rCold   . . .        D - +0 kite shield {reflect}
rNeg    . . .        y - +2 ring mail {rPois}
rPois   +            c - +0 helmet
rElec   .            n - +0 cloak
rCorr   +            (no gloves)
SInv    .            u - +0 pair of boots
Will    ++...        (no amulet)
Stlth   +            s - ring "Ganigh" {Fly rF++ Will++ rCorr Dex-2}
HPRegen 0.32/turn    (no ring)
MPRegen 0.12/turn

%: reflection
@: flying
A: rugged brown scales 1, powered by pain 1, spiny 1, demonic touch 2, hooves 1,
frail 1
a: Renounce Religion, Upheaval, Elemental Force


You were on level 9 of the Dungeon.
You worshipped Qazlal.
Qazlal was most pleased with you.
You visited 2 branches of the dungeon, and saw 10 of its levels.
You also visited: Ossuary.

You collected 661 gold pieces.
You spent 105 gold pieces at shops.

Inventory:

Hand Weapons
 a - a +0 trident
 b - a +5 spear (weapon)
 m - the +9 dagger of the Jester {flame, rC+ Str-5 Int+3}
   (You found it on level 2 of the Dungeon)

   Str-5:     It affects your strength (-5).
   Int+3:     It affects your intelligence (+3).
   rC+:       It protects you from cold.
 o - the +0 hammer "Starlight" {elec, ^Drain Fly Str+5 SInv}
   (You found it on level 2 of the Dungeon)

   Str+5:     It affects your strength (+5).
   SInv:      It lets you see invisible.
   Fly:       It grants you flight.
   ^Drain:    It drains your maximum health when unequipped.
Missiles
 e - a javelin
 l - 7 throwing nets (quivered)
Armour
 c - a +0 helmet (worn)
 n - a +0 cloak (worn)
 p - a +1 ring mail of willpower
 u - a +0 pair of boots (worn)
 y - a +2 ring mail of poison resistance (worn)
 C - the +1 robe of the First Invaders {rC- Int+4 Archmagi}
   (You found it on level 7 of the Dungeon)

   Int+4:     It affects your intelligence (+4).
   rC-:       It makes you vulnerable to cold.
   Archmagi:  It increases the power of your magical spells.
 D - a +0 kite shield of reflection (worn)
Jewellery
 s - the ring "Ganigh" (left hand) {Fly rF++ Will++ rCorr Dex-2}
   (You bought it in a shop on level 3 of the Dungeon)

   [ring of resist corrosion]

   Dex-2:     It affects your dexterity (-2).
   rF++:      It greatly protects you from fire.
   Will++:    It greatly increases your willpower.
   Fly:       It grants you flight.
   rCorr:     It protects you from acid and corrosion.
Wands
 d - a wand of flame (33)
 t - a wand of polymorph (14)
 E - a wand of iceblast (3)
 G - a wand of paralysis (7)
Scrolls
 f - a scroll of poison
 g - 2 scrolls of teleportation
 h - a scroll of fog {unknown}
 j - 2 scrolls of amnesia
 q - 2 scrolls of revelation {unknown}
 r - 3 scrolls of vulnerability
 v - 2 scrolls of fear {unknown}
 w - 2 scrolls of enchant armour {unknown}
 x - a scroll of noise {unknown}
 B - 2 scrolls of identify
 H - a scroll of enchant weapon {unknown}
Potions
 z - 2 potions of enlightenment


   Skills:
 + Level 7.3 Fighting
 + Level 9.8 Polearms
 + Level 2.2 Throwing
 + Level 6.4 Armour
 + Level 6.2 Dodging
 + Level 2.2 Stealth
 + Level 4.9 Shields
 + Level 1.3 Evocations


You had 9 spell levels left.
You didn't know any spells.
Your spell library contained the following spells:

 Spells                   Type           Power      Damage    Failure   Level
 Frozen Ramparts          Ice            0%         1d1       99%         3
 Inner Flame              Hex/Fire       0%         N/A       99%         3
 Dimensional Bullseye     Hex/Tloc       0%         N/A       100%        4
 Leda's Liquefaction      Alch/Erth      0%         N/A       100%        4
 Olgreb's Toxic Radiance  Alch           0%         N/A       100%        4
 Petrify                  Alch/Erth      0%         N/A       100%        4
 Irradiate                Conj/Alch      0%         3d11      100%        5
 Metabolic Englaciation   Hex/Ice        0%         N/A       100%        5
 Sculpt Simulacrum        Ice/Alch       0%         N/A       100%        6
 Ozocubu's Refrigeration  Ice            0%         4d7       100%        7
 Discord                  Hex            0%         N/A       100%        8
 Ignition                 Fire           0%         3d3       100%        8


Dungeon Overview and Level Annotations

Branches:
Dungeon (9/15)             Temple (1/1) D:4         Ossuary (visited)
   Lair: D:8-11         Orc: D:9-12

Altars:
Ashenzari
Cheibriados
Dithmenos
Fedhas
Gozag
Hepliaklqana
Kikubaaqudgha
Makhleb
Okawaru
Qazlal
Ru
Sif Muna
Trog
Uskayaw
Vehumet
Wu Jian
Xom
Yredelemnul

Shops:
D:3 *

Annotations:
D:9 3 runed translucent doors, topfpfpflanze's ghost, novice OpSh


Innate Abilities, Weirdness & Mutations

You are partially covered in rugged brown scales. (AC +1, +3% HP)
You sometimes gain a little power by taking damage.
You are partially covered in sharp spines.
Your touch may inflict irresistible damage on your foes.
You have large cloven feet.
You are frail. (-10% HP)


Message History

The yak is severely wounded.
You block the yak's attack.
You hit the yak.
The yak is severely wounded.
You block the yak's attack. The yak gores you!
The yak is struck by your spines. The yak gores you!
* * * LOW HITPOINT WARNING * * *
You puncture the yak!
The yak is almost dead.
You block the yak's attack. The yak closely misses you.
You block the yak's attack.
You closely miss the yak.
The yak is almost dead.
You block the yak's attack.
The yak is engulfed in a thunderstorm.
You kill the yak!
Qazlal accepts your kill. The yak barely misses you.
You feel your strength returning.
You hit the yak but do no damage.
The yak is moderately wounded.
You puncture the yak!
The yak is heavily wounded.
The yak gores you.
* * * LOW HITPOINT WARNING * * *
The yak gores you.
* * * LOW HITPOINT WARNING * * *
You hit the yak.
The yak is heavily wounded.
The yak is struck by your spines. The yak gores you.
* * * LOW HITPOINT WARNING * * *
You block the yak's attack.
You hit the yak.
The yak is severely wounded.
You hit the yak but do no damage.
The yak is severely wounded.
You block the yak's attack. x2
You hit the yak.
The yak is almost dead.
The yak is struck by your spines. The yak gores you.
You die...

#..... .............§. .
#....# ########......##..###.
#....####....############.....
#.......................#.....
#.......................#.....
#.......................#.....
#.......................#.....
#...........Y†Y.........#.....
#....##..##.°@##...######.....
#....##+########...# #.....#
#............. ...... #.....#
#............ ........ #.....'
#.......... ..........#.....#
#...##...## >.##.....###.....#
#...##...##...##.....#........
#....'........# +........
#....#........+ #........


You could see 2 yaks.

Vanquished Creatures
  Harold (D:9)
  A two-headed ogre (D:8)
  Amaemon (D:9)
  Pikel (D:7)
  An orange demon (D:9)
  A red devil (D:9)
  A hornet (D:8)
  A wraith (D:7)
  2 wyverns
  A fire bat (D:7)
  5 yaks
  2 steam dragons
  Menkaure (D:5)
  An acid dragon (D:8)
  Duvessa (D:4)
  2 black bears
  An ice beast (D:7)
  A sky beast (D:7)
  3 centaurs
  Blork the orc (D:6)
  2 elf zombies (Ossuary)
  4 bullfrogs
  A burial acolyte (Ossuary)
  4 wights (D:8)
  Dowan (D:4)
  2 howler monkeys (D:9)
  2 centaur zombies (Ossuary)
  A hound (D:6)
  A human zombie (Ossuary)
  2 bombardier beetles
  A spectral scorpion (Ossuary)
  Crazy Yiuf (D:2)
  An orc priest (D:6)
  A jelly (D:5)
  A gnoll bouda (D:8)
  4 iguanas
  6 orc wizards
  Ijyb (D:4)
  2 hound zombies (Ossuary)
  3 mummies (Ossuary)
  11 gnolls
  9 adders
  A shadow imp (D:7)
  2 white imps (D:6)
  6 ufetubi
  3 adder zombies (Ossuary)
  A ribbon worm (D:2)
  2 dart slugs
  27 orcs
  4 bats
  6 endoplasms
  5 giant cockroaches
  16 goblins
  6 hobgoblins
  7 jackals
  5 kobolds
  3 quokkas
  7 ball pythons
  6 ball python zombies (Ossuary)
  2 gnoll zombies (Ossuary)
  3 jackal zombies (Ossuary)
  5 kobold zombies (Ossuary)
  2 orc zombies (Ossuary)
  6 rats
215 creatures vanquished.

Vanquished Creatures (others)
  An orc wizard (D:9)
1 creature vanquished.

Grand Total: 216 creatures vanquished

Notes
Turn   | Place    | Note
-------+----------+-------------------------------------------
     0 | D:1      | AzureDraco the Demonspawn Gladiator began the quest for the
                  | Orb.
     0 | D:1      | Reached XP level 1. HP: 16/16 MP: 1/1
    81 | D:1      | Gained mutation: You sometimes gain a little power by
                  | taking damage. [demonic ancestry]
    81 | D:1      | Reached XP level 2. HP: 23/23 MP: 2/2
   550 | D:1      | Reached XP level 3. HP: 28/28 MP: 3/3
   643 | D:1      | Reached skill level 3 in Polearms
   877 | D:2      | Identified the +9 dagger of the Jester {flame, rC+ Str-5
                  | Int+3}
   965 | D:2      | Found a faded altar of an unknown god.
  1088 | D:2      | Reached skill level 1 in Armour
  1091 | D:2      | Reached XP level 4. HP: 10/34 MP: 4/4
  1260 | D:2      | Found a shimmering blue altar of Sif Muna.
  1447 | D:2      | Found a runed translucent door.
  1448 | D:2      | Noticed Crazy Yiuf
  1451 | D:2      | Gained mutation: You are frail. (-10% HP) [potion of
                  | mutation]
  1451 | D:2      | Gained mutation: You have large cloven feet. [potion of
                  | mutation]
  1459 | D:2      | Killed Crazy Yiuf
  1471 | D:2      | Identified the +0 hammer "Starlight" {elec, ^Drain Fly
                  | Str+5 SInv}
  1804 | D:3      | Reached XP level 5. HP: 30/35 MP: 5/5
  1989 | D:3      | Found a basalt altar of Yredelemnul.
  2235 | D:3      | Found a hazy altar of Hepliaklqana.
  2277 | D:3      | Found Taoteima's Assorted Antiques.
  2285 | D:3      | Bought a fine marble ring for 105 gold pieces
  2285 | D:3      | Identified the ring "Ganigh" {Fly rF++ Will++ rCorr Dex-2}
                  | (You bought it in a shop on level 3 of the Dungeon)
  2648 | D:4      | Noticed Duvessa
  2648 | D:4      | Noticed Dowan
  2688 | D:4      | Noticed Ijyb
  2704 | D:4      | Killed Ijyb
  2705 | D:4      | Reached skill level 4 in Polearms
  3083 | D:4      | Reached skill level 1 in Stealth
  3231 | D:4      | Gained mutation: Your touch may inflict minor irresistible
                  | damage on your foes. [demonic ancestry]
  3231 | D:4      | Reached XP level 6. HP: 38/42 MP: 6/6
  3430 | D:4      | Got the Almanac of the Ninety-Nine Brambles
  3440 | D:4      | Found a staircase to the Ecumenical Temple.
  3449 | Temple   | Entered the Ecumenical Temple
  3477 | Temple   | Became a worshipper of Qazlal Stormbringer
  3558 | D:5      | Entered Level 5 of the Dungeon
  3568 | D:5      | Noticed Menkaure
  3586 | D:5      | Found a blossoming altar of Fedhas.
  3764 | D:5      | Found a sand-covered staircase.
  3785 | Ossuary  | Entered an ossuary
  3866 | Ossuary  | Reached skill level 5 in Polearms
  3911 | Ossuary  | Reached * piety under Qazlal
  3937 | Ossuary  | Gained mutation: You are partially covered in sharp spines.
                  | [demonic ancestry]
  3937 | Ossuary  | Reached XP level 7. HP: 40/46 MP: 7/7
  4290 | D:5      | Reached skill level 6 in Polearms
  4446 | D:5      | Killed Menkaure
  4447 | D:5      | Reached XP level 8. HP: 16/54 MP: 8/8
  4844 | D:4      | Killed Duvessa
  4848 | D:4      | Killed Dowan
  4878 | D:4      | Reached skill level 5 in Fighting
  5022 | D:6      | Reached skill level 1 in Shields
  5028 | D:6      | Noticed Maggie
  5029 | D:6      | Maggie changed into Maggie the centaur
  5029 | D:6      | Noticed Maggie
  5034 | D:6      | Killed Maggie the centaur
  5035 | D:6      | Reached skill level 7 in Polearms
  5059 | D:6      | Reached ** piety under Qazlal
  5405 | D:6      | Found a bloodstained altar of Trog.
  5414 | D:6      | Noticed Blork the orc
  5430 | D:6      | Killed Blork the orc
  5831 | D:7      | Gained mutation: Your touch may inflict irresistible damage
                  | on your foes. [demonic ancestry]
  5831 | D:7      | Reached XP level 9. HP: 61/61 MP: 9/9
  5953 | D:7      | Noticed Pikel
  5965 | D:7      | Killed Pikel
  5966 | D:7      | Reached skill level 8 in Polearms
  6045 | D:7      | Identified the +1 robe of the First Invaders {rC- Int+4
                  | Archmagi}
  6374 | D:7      | Found a shimmering altar of Xom.
  6387 | D:7      | Reached skill level 5 in Dodging
  6529 | D:8      | Reached skill level 5 in Armour
  6772 | D:8      | Found an iron altar of Okawaru.
  6865 | D:8      | HP: 2/56 [wight/+4 halberd (14)]
  6882 | D:8      | Reached skill level 9 in Polearms
  7270 | D:8      | Found a transporter.
  7403 | D:8      | Noticed a two-headed ogre
  7418 | D:8      | Killed a two-headed ogre
  7419 | D:8      | Reached skill level 1 in Evocations
  7419 | D:8      | Gained mutation: You are partially covered in rugged brown
                  | scales. (AC +1, +3% HP) [demonic ancestry]
  7419 | D:8      | Reached XP level 10. HP: 49/70 MP: 10/10
  7424 | D:8      | Reached *** piety under Qazlal
  8137 | D:9      | Noticed Amaemon
  8137 | D:9      | Noticed an orange demon
  8152 | D:9      | Killed Amaemon
  8155 | D:9      | Killed an orange demon
  8675 | D:9      | Found a runed translucent gate.
  8675 | D:9      | Found a runed translucent gate.
  8675 | D:9      | Found a runed translucent gate.
  8728 | D:9      | Noticed topfpfpflanze's ghost (novice OpSh)
  8728 | D:9      | Identified the +8 chain mail "Dicoches" {Stlth+}
  8738 | D:9      | Noticed Harold
  8762 | D:9      | Killed Harold
  9133 | D:9      | Slain by a yak

Illustrated notes

Levels and vault maps discovered:
D:1:      onia_arrival_pentagram, layout_basic, hex_tiny,
          minmay_misc_feat_secret_circle
D:2:      layout_rooms, basic_altar, chequers_ecumenical_altar_island,
          minmay_tetromino_o4, uniq_crazy_yiuf_cottage
D:3:      layout_basic, mainiacjoe_overflow_tiny_flanked,
          mainiacjoe_overflow_alcove_1, serial_shops, shop
D:4:      layout_gridville, minmay_temple_entry_poolview, uniq_duvessa,
          uniq_ijyb
D:5:      layout_loops_ring, fedhas_bush_and_centaur_altar, enter_ossuary_1,
          serial_aquarium, aquarium_bridge_straight [aquarium_subvault_bridge,
          aquarium_subvault_wall, aquarium_subvault_bridge,
          aquarium_subvault_wall], aquarium_window_1, aquarium_window_3,
          aquarium_view_2c, aquarium_view_2c, aquarium_pool_corner,
          minmay_misc_feat_four_crosses, uniq_menkaure
D:6:      layout_gridville, lemuel_doored_altar, roderic_three_in_a_row,
          uniq_blork_the_orc, uniq_maggie
D:7:      layout_loops_ring, regret_index_xom_of_box, lemuel_flame_loot_1,
          uniq_pikel
D:8:      layout_loops_ring, okawaru_trees_1, roderic_lattice_a,
          nicolae_diode_basic
D:9:      layout_gridville, orc_0_dummy, biasface_ghost_orc_armoury,
          einodemon_armed_red_devil_minivault, uniq_amaemon, uniq_harold
Temple:   regret_index_temple_generic_petals

Skill      XL: |  1  2  3  4  5  6  7  8  9 10 |
---------------+-------------------------------+-----
Dodging        | 3 4 5 6 |  6.2
Polearms       | 3 4 5 6 7 9 |  9.8
Armour         | 1 2 3 4 5 6 |  6.4
Fighting       | 3 4 5 6 7 |  7.3
Stealth        | 1 2 |  2.2
Shields        | 1 3 4 |  4.9
Throwing       | 2 |  2.2
Evocations     | 1 |  1.3

Action                     |  1- 3 |  4- 6 |  7- 9 | 10-12 || total
---------------------------+-------+-------+-------+-------++-------
  Melee: Trident           |   102 |   273 |   250 |       ||   625
         Kick              |       |    35 |       |       ||    35
         Touch             |       |    22 |    41 |       ||    63
         Spear             |       |       |    58 |   185 ||   243
  Throw: Throwing net      |       |     3 |     2 |     1 ||     6
  Evoke: Wand              |       |       |     7 |       ||     7
    Use: Potion            |     1 |     2 |     4 |     4 ||    11
         Scroll            |       |     1 |     6 |     5 ||    12
   Stab: Sleeping          |     1 |     1 |       |       ||     2
         Held in net/web   |       |     1 |     2 |       ||     3
 Armour: Leather armour    |    42 |    41 |       |       ||    83
         Ring mail         |       |   126 |   143 |   108 ||   377
  Dodge: Dodged            |    42 |   138 |   106 |    54 ||   340
  Block: Other             |       |     2 |    13 |       ||    15
         Kite shield       |       |       |    71 |   109 ||   180
         Reflection        |       |       |     2 |     2 ||     4

Table legend: (Time is in decaauts)
 A = Elapsed time spent in this place.
 B = Non-inter-level travel time spent in this place.
 C = Inter-level travel time spent in this place.
 D = Time resting spent in this place.
 E = Time spent auto-exploring this place.
 F = Levels seen in this place.
 G = Mean time per level.
                   A        B        C        D        E       F      G
               +--------+--------+--------+--------+--------+-----+--------+
         Total |   9110 |   8891 |    219 |   1111 |   5094 |  11 |  828.2 |
       Dungeon |   8728 |   8509 |    219 |   1111 |   5094 |   9 |  969.8 |
        Temple |     56 |     56 |      0 |      0 |      0 |   1 |   56.0 |
       Ossuary |    325 |    325 |      0 |      0 |      0 |   1 |  325.0 |
               +--------+--------+--------+--------+--------+-----+--------+

Top non-repeatable levels by time:
     D:8: 1624 daAuts
     D:3: 1413 daAuts
     D:9: 917 daAuts
     D:5: 913 daAuts
     D:1: 855 daAuts
     D:6: 776 daAuts
     D:4: 754 daAuts
     D:2: 743 daAuts
     D:7: 729 daAuts
 Ossuary: 325 daAuts
  Temple: 56 daAuts
